 Dungeon Crawl Stone Soup version 0.32-a0-42-ga30500b4d3 (webtiles) character file.

Game seed: 6279781444944474809

1524 CraigForest the Slasher (level 8, 0/54 HPs)
             Began as a Demonspawn Gladiator on Feb 2, 2024.
             Was a Follower of Hepliaklqana.
             Slain by an orc warrior
             ... wielding a +0 heavy trident
              (18 damage)
             ... on level 6 of the Dungeon.
             The game lasted 00:13:12 (4790 turns).

CraigForest the Slasher (Demonspawn Gladiator)      Turns: 4790, Time: 00:13:13

Health: 0/54       AC: 10    Str: 15    XL:     8   Next: 54%
Magic:  8/8        EV: 13    Int:  8    God:    Hepliaklqana [*.....]
Gold:   282        SH:  5    Dex: 25    Spells: 7/7 levels left

rFire   . . .        a - +0 long sword
rCold   . . .        (no shield)
rNeg    . . .        i - +0 ring mail
rPois   .            c - +0 helmet
rElec   .            (no cloak)
rCorr   .            q - +2 pair of gloves
SInv    .            (no boots)
Will    .....        w - amulet of reflection
Stlth   +++          j - +6 ring of dexterity
HPRegen 0.29/turn    (no ring)
MPRegen 0.11/turn

%: reflection
@: no status effects
A: reduced essence, hooves 2, thin skeletal structure 1, foul stench 2
a: Renounce Religion, Recall Ancestor, Ancestor Identity


You were on level 6 of the Dungeon.
You worshipped Hepliaklqana.
Hepliaklqana was aware of your devotion.
You visited 2 branches of the dungeon, and saw 7 of its levels.
You also visited: Sewer.

You collected 282 gold pieces.

Inventory:

Hand Weapons
 a - a +0 long sword (weapon)
 p - a +2 heavy sling
 F - a +2 short sword of speed
Missiles
 d - 3 throwing nets (quivered)
 e - a javelin
Armour
 b - a +0 leather armour
 c - a +0 helmet (worn)
 i - a +0 ring mail (worn)
 n - a +0 pair of gloves
 q - a +2 pair of gloves (worn)
Jewellery
 j - a +6 ring of dexterity (left hand)
 w - an amulet of reflection (around neck)
Talismans
 m - a blade talisman
Wands
 t - a wand of paralysis (9)
Scrolls
 f - a scroll of fear
 h - a scroll of vulnerability
 k - 2 scrolls of identify
 r - a scroll of teleportation
 v - a scroll of silence {unknown}
 y - a scroll of butterflies {unknown}
 A - a scroll of blinking
 C - a scroll of revelation
 D - a scroll of enchant armour {unknown}
 E - 2 scrolls of amnesia {unknown}
 G - a scroll of fog {unknown}
Potions
 g - a potion of resistance
 l - a potion of invisibility
 o - a potion of mutation
 s - 2 potions of heal wounds
 u - 2 potions of curing
 x - a potion of magic
 z - a potion of might {unknown}
 B - 4 potions of haste {unknown}


   Skills:
 + Level 4.2 Fighting
 + Level 6.5 Long Blades
 + Level 2.0 Throwing
 + Level 4.0 Armour
 + Level 4.0 Dodging
 + Level 3.6 Stealth
 + Level 2.2 Shields


You had 7 spell levels left.
You didn't know any spells.
Your spell library contained the following spells:

 Spells                   Type           Power      Damage    Failure   Level
 Ensorcelled Hibernation  Hex/Ice        0%         N/A       77%         2
 Mercury Vapours          Alch/Air       0%         N/A       77%         2
 Mephitic Cloud           Conj/Alch/Air  0%         N/A       94%         3
 Passwall                 Erth           0%         N/A       94%         3
 Summon Ice Beast         Ice/Summ       0%         N/A       94%         3
 Swiftness                Air            0%         N/A       94%         3
 Freezing Cloud           Conj/Ice/Air   0%         6-21      100%        5
 Summon Mana Viper        Hex/Summ       0%         N/A       100%        5
 Monstrous Menagerie      Summ           0%         N/A       100%        7


Dungeon Overview and Level Annotations

Branches:
Dungeon (6/15)             Temple (1/1) D:4           Sewer (visited)

Altars:
Ashenzari
Cheibriados
Dithmenos
Fedhas
Gozag
Hepliaklqana
Kikubaaqudgha
Makhleb
Okawaru
Qazlal
Ru
Sif Muna
Trog
Uskayaw
Vehumet
Wu Jian
Xom
Yredelemnul


Innate Abilities, Weirdness & Mutations

Your life essence is reduced to manifest your ancestor. (-10% HP)
You have hoof-like feet.
You have a somewhat thin skeletal structure. (Dex +2, Stealth+)
You sometimes emit foul miasma when damaged in melee.


Message History

Kenrick is destroyed!
Something hits you but does no damage. You block the orc warrior's attack.
You block something's attack.
The centaur shoots an arrow.
The arrow hits you.
You slash something!
Reactivating autopickup.
You feel a bit more experienced.
The centaur shoots an arrow.
The arrow hits you.
The centaur shoots an arrow.
The arrow hits you!
* * * LOW HITPOINT WARNING * * *
The centaur shoots an arrow.
The arrow closely misses you.
Things that are here:
a +0 dagger; a +0 robe The centaur unwields a +0 orcbow.
You block the centaur's attack. The centaur barely misses you.
The orc warrior barely misses you.
The centaur hits you but does no damage.
The centaur closely misses you. The orc warrior closely misses you.
The centaur hits you but does no damage.
The centaur kicks you but does no damage.
You see here a black bear corpse.
You slash the centaur! You kick the centaur.
The centaur is severely wounded.
The centaur barely misses you.
The centaur kicks you but does no damage.
You hit the centaur.
The centaur is severely wounded.
The centaur barely misses you. The centaur kicks you.
* * * LOW HITPOINT WARNING * * *
You emit a cloud of foul miasma!
The orc warrior completely misses you.
The centaur is engulfed in dark miasma.
The centaur is poisoned.
The centaur closely misses you. The centaur barely misses you.
You hit the centaur but do no damage.
The centaur is severely wounded.
The centaur is engulfed in dark miasma.
The centaur looks even sicker.
You kill the centaur!
You block the orc warrior's attack.
Your Armour skill increases to level 4!
Things that are here:
a +0 dagger; a +0 robe The orc warrior hits you with a +0 heavy trident!!
You die...

#.# ## #.. .
###.#.# ...#.
... #.# ..#
#.# ..##. #.#
.... #@# #..#
#o###o..#
#o##....##.#
#†))......$.
###..#..##.
#######..# #
.........#
#..#######..#
...........)#


You could see an orc warrior and an orc.

Vanquished Creatures
  Pargi (Sewer)
  3 black bears
  2 ogres (D:4)
  A centaur (D:6)
  A phantom (D:5)
  2 brain worms (Sewer)
  5 scorpions
  A hound (D:4)
  An orc priest (D:6)
  An iguana (D:4)
  2 orc wizards
  A gnoll (D:1)
  10 adders
  2 shadow imps (D:5)
  2 dart slugs (D:4)
  4 ribbon worms
  6 orcs
  7 ball pythons
  7 endoplasms
  3 giant cockroaches
  6 goblins
  6 hobgoblins
  3 jackals (D:2)
  6 kobolds
  6 quokkas
  7 bats
  9 frilled lizards
  9 rats
114 creatures vanquished.

Vanquished Creatures (collateral kills)
  A scorpion (D:5)
  An adder (D:6)
2 creatures vanquished.

Vanquished Creatures (others)
  An ancestor (D:6)
1 creature vanquished.

Grand Total: 117 creatures vanquished

Notes
Turn   | Place    | Note
-------+----------+-------------------------------------------
     0 | D:1      | CraigForest the Demonspawn Gladiator began the quest for
                  | the Orb.
     0 | D:1      | Reached XP level 1. HP: 16/16 MP: 1/1
   264 | D:1      | Reached skill level 3 in Long Blades
   274 | D:1      | Gained mutation: You have large cloven feet. [demonic
                  | ancestry]
   274 | D:1      | Reached XP level 2. HP: 22/22 MP: 2/2
   420 | D:1      | Reached XP level 3. HP: 25/27 MP: 3/3
   926 | D:2      | Reached skill level 1 in Armour
  1109 | D:2      | Found a faded altar of an unknown god.
  1114 | D:2      | Gained mutation: You have a somewhat thin skeletal
                  | structure. (Dex +2, Stealth+) [demonic ancestry]
  1114 | D:2      | Reached XP level 4. HP: 33/33 MP: 4/4
  1804 | D:3      | Reached skill level 4 in Long Blades
  2420 | D:4      | Noticed an ogre
  2420 | D:4      | Found a staircase to the Ecumenical Temple.
  2427 | D:4      | Killed an ogre
  2428 | D:4      | Gained mutation: You may rarely emit foul miasma when
                  | damaged in melee. [demonic ancestry]
  2428 | D:4      | Reached XP level 5. HP: 10/40 MP: 5/5
  2437 | Temple   | Entered the Ecumenical Temple
  2482 | Temple   | Became a worshipper of Hepliaklqana the Forgotten
  2592 | D:4      | Reached skill level 1 in Stealth
  2592 | D:4      | Reached XP level 6. HP: 42/46 MP: 6/6
  2676 | D:4      | Found a glowing drain.
  2755 | Sewer    | Entered a sewer
  2829 | Sewer    | Noticed Pargi
  2847 | Sewer    | Killed Pargi
  2848 | Sewer    | Reached skill level 5 in Long Blades
  2871 | Sewer    | Gained mutation: You have hoof-like feet. [demonic
                  | ancestry]
  2871 | Sewer    | Reached XP level 7. HP: 29/52 MP: 4/7
  3122 | D:4      | Reached skill level 1 in Shields
  3421 | D:4      | Reached * piety under Hepliaklqana
  3895 | D:5      | Entered Level 5 of the Dungeon
  4040 | D:5      | Found an ancient bone altar of Kikubaaqudgha.
  4043 | D:5      | Found an iron altar of Okawaru.
  4043 | D:5      | Found a blossoming altar of Fedhas.
  4043 | D:5      | Found a shadowy altar of Dithmenos.
  4076 | D:5      | Found a burning altar of Makhleb.
  4292 | D:5      | Gained mutation: You sometimes emit foul miasma when
                  | damaged in melee. [demonic ancestry]
  4292 | D:5      | Reached XP level 8. HP: 48/54 MP: 8/8
  4299 | D:5      | Reached skill level 6 in Long Blades
  4790 | D:6      | Slain by an orc warrior

Illustrated notes

Levels and vault maps discovered:
D:1:      dpeg_arrival_central, layout_rooms, nicolae_titane
D:2:      layout_loops_corners, shapermc_ecumenical_altar_gd, nicolae_wormholes
D:3:      layout_rooms, serial_forest, infiniplex_forest_clump_diagonal,
          infiniplex_forest_zigzag_1, infiniplex_forest_diagonal,
          infiniplex_forest_end_2, infiniplex_forest_clump_long,
          infiniplex_forest_clump_C, infiniplex_forest_lined_3_way, nrook_uturn,
          dreamdust_mushroom_princess
D:4:      layout_basic, minmay_temple_entry_statues_pillars, serial_forest,
          infiniplex_forest_clump_large, infiniplex_forest_pool,
          infiniplex_forest_clump_small, infiniplex_forest_lined_room_2,
          infiniplex_forest_side_room, infiniplex_forest_clump_tiny,
          infiniplex_forest_clump_long, cheibrodos_sewer_entry_drain
D:5:      black_bear_nest_1, layout_loops_ring, grunt_temple_overflow_open,
          minivault_14, kennysheep_flooded_box
D:6:      layout_loops_ring, minmay_misc_feat_cross
Temple:   nicolae_temple_superstar

Skill      XL: |  1  2  3  4  5  6  7  8 |
---------------+-------------------------+-----
Long Blades    | 3 4 5 6 |  6.5
Throwing       | 2 |  2.0
Dodging        | 3 4 |  4.0
Armour         | 1 2 3 4 |  4.0
Stealth        | 1 2 3 |  3.6
Fighting       | 3 4 |  4.2
Shields        | 1 2 |  2.2

Action                     |  1- 3 |  4- 6 |  7- 9 || total
---------------------------+-------+-------+-------++-------
  Melee: Long sword        |   116 |   194 |   102 ||   412
         Kick              |    22 |    64 |    32 ||   118
         Punch             |     2 |     4 |     2 ||     8
    Use: Scroll            |       |       |    11 ||    11
   Stab: Sleeping          |       |     7 |     9 ||    16
         Distracted        |       |       |     1 ||     1
 Armour: Ring mail         |    73 |   100 |    55 ||   228
  Dodge: Dodged            |   103 |   109 |    67 ||   279
  Block: Other             |       |    14 |    25 ||    39

Table legend: (Time is in decaauts)
 A = Elapsed time spent in this place.
 B = Non-inter-level travel time spent in this place.
 C = Inter-level travel time spent in this place.
 D = Time resting spent in this place.
 E = Time spent auto-exploring this place.
 F = Levels seen in this place.
 G = Mean time per level.
                   A        B        C        D        E       F      G
               +--------+--------+--------+--------+--------+-----+--------+
         Total |   4905 |   4737 |    168 |    156 |   3255 |   8 |  613.1 |
       Dungeon |   4521 |   4353 |    168 |     33 |   3252 |   6 |  753.5 |
        Temple |     74 |     74 |      0 |      0 |      0 |   1 |   74.0 |
         Sewer |    308 |    308 |      0 |    123 |      3 |   1 |  308.0 |
               +--------+--------+--------+--------+--------+-----+--------+

Top non-repeatable levels by time:
     D:4: 1144 daAuts
     D:2: 1026 daAuts
     D:5: 848 daAuts
     D:3: 750 daAuts
     D:1: 697 daAuts
   Sewer: 308 daAuts
  Temple: 74 daAuts
     D:6: 53 daAuts
